 Dungeon Crawl Stone Soup version 0.28-a0-313-gbc0475efdd (webtiles) character file.

Game seed: 16134300937591836929

602 yeahnotreally the Slasher (level 7, 0/61 HPs)
             Began as a Minotaur Fighter on Sept 1, 2021.
             Slain by a killer bee zombie (4 damage)
             ... on level 4 of the Dungeon.
             The game lasted 00:42:46 (2873 turns).

yeahnotreally the Slasher (Minotaur Fighter)        Turns: 2873, Time: 00:42:47

Health: 0/61       AC: 13    Str: 23    XL:     7   Next: 18%
Magic:  6/6        EV:  8    Int:  5    God:
Gold:   97         SH:  8    Dex:  9    Spells: 6/6 levels left

rFire   + . .      SeeInvis .   a - +0 long sword
rCold   . . .      Faith    .   c - +0 kite shield
rNeg    . . .      Spirit   .   r - +1 scale mail {rF+}
rPois   .          Reflect  .   (helmet restricted)
rElec   .          Harm     .   u - +2 cloak {rCorr}
rCorr   +          Rampage  .   (no gloves)
Will    .....                   f - +0 pair of boots
Stlth   ..........              (no amulet)
HPRegen 0.20/turn               (no ring)
MPRegen 0.10/turn               (no ring)

@: mighty, very slightly contaminated, invisible
A: horns 2, retaliatory headbutt
a: no special abilities


You were on level 4 of the Dungeon.
You visited 1 branch of the dungeon, and saw 4 of its levels.

You collected 97 gold pieces.

Inventory:

Hand Weapons
 a - a +0 long sword (weapon)
 e - a +0 whip
 g - a +0 mace
 l - a +0 hand crossbow
 m - a +0 falchion
 t - a +3 quarterstaff of chaos
Missiles
 h - 41 bolts
Armour
 b - a +0 scale mail
 c - a +0 kite shield (worn)
 f - a +0 pair of boots (worn)
 i - a +0 ring mail
 k - a +0 ring mail
 n - a +2 helmet
 r - a +1 scale mail of fire resistance (worn)
 u - a +2 cloak of preservation (worn)
Scrolls
 o - a scroll of enchant weapon {unknown}
 q - a scroll of teleportation {unknown}
Potions
 d - a potion of might
 j - 2 potions of attraction
 s - a potion of flight {unknown}


   Skills:
 + Level 5.0 Fighting
 + Level 5.9 Long Blades
 + Level 5.5 Armour
 + Level 1.6 Dodging
 + Level 1.1 Stealth
 + Level 5.5 Shields


You had 6 spell levels left.
You didn't know any spells.
Your spell library contained the following spells:

 Spells                   Type           Power      Damage    Failure   Level
 Frozen Ramparts          Ice            0%         1d2       100%        3
 Ice Form                 Ice/Tmut       0%         N/A       100%        4
 Summon Ice Beast         Ice/Summ       0%         N/A       100%        4


Dungeon Overview and Level Annotations

Branches:
Dungeon (4/15)
 Temple: D:4-7

Altars:
Zin


Innate Abilities, Weirdness & Mutations

You have a pair of horns on your head.
You reflexively headbutt those who attack you in melee.


Message History

You headbutt the gnoll sergeant, but do no damage.
You hear a shout! x2
You block the gnoll sergeant's attack.
You slash the killer bee zombie!
The killer bee zombie is heavily damaged.
The killer bee zombie hits you but does no damage.
The killer bee zombie hits you.
The gnoll sergeant hits you but does no damage.
The killer bee zombie hits you but does no damage.
A goblin comes into view. It is wielding a +0 dagger.
The goblin shouts!
You block the gnoll sergeant's attack.
Things that are here:
a +0 club; a gnoll corpse An orc wizard comes into view.
It is wielding a +0 dagger.
The orc wizard shouts!
You hear a shout!
The ogre hits you with a +0 giant spiked club.
* * * LOW HITPOINT WARNING * * *
The killer bee zombie barely misses you.
The orc wizard gestures wildly while chanting.
The orc wizard flickers and vanishes!
Deactivating autopickup; reactivate with Ctrl-A.
You fade into invisibility!
You block the killer bee zombie's attack.
The gnoll sergeant barely misses you.
The ogre hits you with a +0 giant spiked club!
* * * LOW HITPOINT WARNING * * *
The killer bee zombie hits you.
* * * LOW HITPOINT WARNING * * *
You are very lightly contaminated with residual magic.
You block the killer bee zombie's attack.
You block the killer bee zombie's attack.
You feel very mighty all of a sudden.
The killer bee zombie hits you but does no damage.
Okay, then.
The killer bee zombie closely misses you.
You block the killer bee zombie's attack.
The killer bee zombie hits you but does no damage.
The killer bee zombie hits you.
You die...

##.# #...............#.# .....
##># #...............#.# #g#'
##.# #...............#.# ...
##.# #...............#.# #.#
##.# #..............[#'##+##.#
##.# #.......................#
##.####...............g.......#
##...................S......).#
######..........@ZOg..#'#+###)#
......................#.# #....
######†################.# #....
#.# ..# #.... #.# ..# '....
#.##### #..# #.... #.....+ #..#
#.... #..#### #..# #.... .
#..#..+


You could see an ogre, a gnoll sergeant, an adder, a killer bee zombie and a
goblin.

Vanquished Creatures
  Grinder (D:3)
  A phantom (D:4)
  2 hounds (D:4)
  Crazy Yiuf (D:3)
  Terence (D:3)
  An orc wizard (D:4)
  Robin (D:3)
  4 gnolls (D:4)
  6 adders
  A worm (D:2)
  2 dart slugs
  3 orcs
  An endoplasm (D:3)
  8 giant cockroaches
  17 goblins
  7 hobgoblins
  6 quokkas
  A ball python (D:2)
  5 bats
  5 frilled lizards
  9 kobolds
  4 rats
87 creatures vanquished.

Vanquished Creatures (others)
  16 plants
16 creatures vanquished.

Grand Total: 103 creatures vanquished

Notes
Turn   | Place    | Note
-------+----------+-------------------------------------------
     0 | D:1      | yeahnotreally the Minotaur Fighter began the quest for the
                  | Orb.
     0 | D:1      | Reached XP level 1. HP: 19/19 MP: 0/0
   186 | D:1      | Reached XP level 2. HP: 20/27 MP: 1/1
   947 | D:2      | Found a faded altar of an unknown god.
  1019 | D:2      | Reached XP level 3. HP: 31/33 MP: 2/2
  1370 | D:2      | Found a glowing silver altar of Zin.
  1397 | D:2      | Reached XP level 4. HP: 40/40 MP: 3/3
  1664 | D:3      | Noticed Robin
  1678 | D:3      | Killed Robin
  2035 | D:3      | Found a glowing drain.
  2039 | D:3      | Noticed Grinder
  2064 | D:3      | Paralysed by Grinder for 2 turns
  2085 | D:3      | Paralysed by Grinder for 4 turns
  2091 | D:3      | Killed Grinder
  2092 | D:3      | Reached skill level 5 in Long Blades
  2092 | D:3      | Reached skill level 5 in Armour
  2092 | D:3      | Reached skill level 1 in Dodging
  2092 | D:3      | Reached XP level 5. HP: 16/47 MP: 4/4
  2092 | D:3      | Reached XP level 6. HP: 18/55 MP: 5/5
  2142 | D:3      | Noticed Terence
  2152 | D:3      | Killed Terence
  2153 | D:3      | Reached skill level 5 in Shields
  2443 | D:3      | Found a runed translucent door.
  2444 | D:3      | Noticed Crazy Yiuf
  2450 | D:3      | Killed Crazy Yiuf
  2686 | D:4      | Reached skill level 5 in Fighting
  2844 | D:4      | Reached skill level 1 in Stealth
  2844 | D:4      | Reached XP level 7. HP: 32/61 MP: 6/6
  2861 | D:4      | HP: 2/61 [killer bee zombie (3)]
  2873 | D:4      | Slain by a killer bee zombie

Illustrated notes

Levels and vault maps discovered:
D:1:      lemuel_arrival_lava_pool, layout_basic, serial_forest,
          infiniplex_forest_clump_large, infiniplex_forest_lined_3,
          infiniplex_forest_end_2, infiniplex_forest_clump_double,
          infiniplex_forest_lined_4_way, infiniplex_forest_clump_tiny,
          infiniplex_forest_clump_cross, st_stairs_6,
          amcnicky_mini_corridor_feature
D:2:      layout_basic, shapermc_ecumenical_altar_pompeii, basic_altar
D:3:      layout_basic, gup_sewer_entry_glass, serial_bayou_lagoon_a,
          kennysheep_generic_room_14, uniq_grinder, uniq_robin,
          uniq_crazy_yiuf_cottage, uniq_terence
D:4:      layout_basic

Skill      XL: |  1  2  3  4  5  6 |
---------------+-------------------+-----
Fighting       | 4 5 |  5.0
Armour         | 4 5 |  5.5
Shields        | 4 5 |  5.5
Long Blades    | 3 5 |  5.9
Dodging        | 1 |  1.6
Stealth        | 1 |  1.1

Action                   |  1- 3 |  4- 6 |  7- 9 || total
-------------------------+-------+-------+-------++-------
Melee: Long sword        |    78 |   143 |    12 ||   233
       Headbutt          |    14 |    21 |     4 ||    39
  Use: Scroll            |     2 |     1 |       ||     3
       Potion            |     1 |       |     2 ||     3
Armor: Scale mail        |    43 |    65 |     8 ||   116
Dodge: Dodged            |    31 |    48 |    10 ||    89
Block: Kite shield       |    27 |    75 |    18 ||   120

Table legend: (Time is in decaauts)
 A = Elapsed time spent in this place.
 B = Non-inter-level travel time spent in this place.
 C = Inter-level travel time spent in this place.
 D = Time resting spent in this place.
 E = Time spent auto-exploring this place.
 F = Levels seen in this place.
 G = Mean time per level.
                   A        B        C        D        E       F      G
               +--------+--------+--------+--------+--------+-----+--------+
         Total |   2970 |    934 |   2036 |      0 |      0 |   4 |  742.5 |
       Dungeon |   2970 |    934 |   2036 |      0 |      0 |   4 |  742.5 |
               +--------+--------+--------+--------+--------+-----+--------+

Top non-repeatable levels by time:
     D:3: 986 daAuts
     D:1: 926 daAuts
     D:2: 763 daAuts
     D:4: 294 daAuts
